 Dungeon Crawl Stone Soup version 0.22-a0-247-gbddf880757 (webtiles) character file.

140 RedPan the Ducker (level 5, -7/41 HPs)
             Began as a Demonspawn Monk on Feb 25, 2018.
             Killed by nerve-wracking pain
             ... invoked by an orc priest
              (14 damage)
             ... on level 3 of the Dungeon.
             The game lasted 00:04:34 (2848 turns).

RedPan the Ducker (Demonspawn Monk)                 Turns: 2848, Time: 00:04:34

Health: -7/41      AC:  4    Str: 12    XL:     5   Next: 2%
Magic:  5/5        EV: 14    Int: 11    God:
Gold:   135        SH:  5    Dex: 16    Spells: 4/4 levels left

rFire    . . .     SeeInvis .   a - +0 falchion
rCold    . . .     Gourm    .   (no shield)
rNeg     . . .     Faith    .   b - +0 robe
rPois    .         Spirit   .   (no helmet)
rElec    .         Reflect  +   (no cloak)
rCorr    .         Harm     .   (no gloves)
MR       .....                  (no boots)
Stlth    ++........             h - +5 amulet of reflection
HPRegen  0.13/turn              (no ring)
MPRegen  0.09/turn              (no ring)

@: no status effects
A: molten scales 1, foul stench 1, rot immunity
a: no special abilities


You were on level 3 of the Dungeon.
You were not hungry.

You visited 1 branch of the dungeon, and saw 3 of its levels.

You collected 135 gold pieces.

Inventory:

Hand Weapons
 a - a +0 falchion (weapon)
Armour
 b - a +0 robe (worn)
Jewellery
 g - an uncursed amulet of guardian spirit
 h - a +5 amulet of reflection (around neck)
 r - a +2 ring of protection {unknown}
Scrolls
 d - a scroll of immolation {unknown}
 e - 2 scrolls of teleportation {unknown}
 f - 3 scrolls of identify {unknown}
 i - 3 scrolls of remove curse {unknown}
 l - 2 scrolls of enchant armour {unknown}
 n - a scroll of blinking {unknown}
 p - a scroll of magic mapping {unknown}
 q - a scroll of amnesia {unknown}
Potions
 j - a potion of mutation {unknown}
 k - 2 potions of lignification {unknown}
 m - a potion of brilliance {unknown}
 o - 3 potions of flight {unknown}
Comestibles
 c - 4 rations
 s - 2 chunks of flesh


   Skills:
 - Level 3.0 Fighting
 * Level 4.1 Long Blades
 * Level 4.1 Dodging
 - Level 1.7 Stealth


You had 4 spell levels left.
You didn't know any spells.

Dungeon Overview and Level Annotations

Branches:
Dungeon (3/15)

Altars:


Innate Abilities, Weirdness & Mutations

You are partially covered in molten scales. (AC +2)
You may emit foul miasma when damaged in melee.
You are immune to rotting.


Message History

The orc priest is heavily wounded.
The orc priest mumbles some strange prayers to Beogh against you.
Beogh smites you!
You hit the orc priest.
The orc priest is almost dead.
The orc priest misses you.
You hit the orc priest but do no damage.
The orc priest is almost dead.
The orc priest calls down the wrath of Beogh upon you.
Beogh smites you!
* * * LOW HITPOINT WARNING * * *
The orc priest barely misses you.
You closely miss the orc priest.
The orc priest is almost dead.
The orc priest looks encouraged for a moment.
You hit the orc priest but do no damage.
The orc priest is almost dead.
The orc priest mumbles some strange prayers to Beogh against you.
Pain shoots through your body!
You die...

###.........#
#.......### #.#)###.#
#.#.###.# ###
#....##.# . ..
#.......# ... #.
#.##.##.###
.....#.##(..........
......((@o.......o..
.....#.##.#...#.......
... ... #......(###...
. ...## #..((#### ...
..... #.#### ...#.
#.## #.# ..#. # #.#
.... .# #.. #..


You could see an orc priest.

Vanquished Creatures
  A centaur skeleton (D:3)
  An orc wizard (D:2)
  3 adders
  2 oozes
  A dart slug (D:1)
  4 orcs
  A bat zombie (D:1)
  2 giant cockroaches
  5 goblins
  A hobgoblin (D:3)
  2 jackals (D:3)
  3 kobolds
  2 quokkas
  6 bats
  4 frilled lizards
  A quokka zombie (D:1)
  6 rats
45 creatures vanquished.

Notes
Turn   | Place    | Note
-------+----------+-------------------------------------------
     0 | D:1      | RedPan the Demonspawn Monk began the quest for the Orb.
     0 | D:1      | Reached XP level 1. HP: 18/18 MP: 1/1
    85 | D:1      | Gained mutation: You are immune to rotting. [demonic ancestry]
    85 | D:1      | Reached XP level 2. HP: 4/24 MP: 2/2
  1261 | D:2      | Gained mutation: You may emit foul miasma when damaged in melee. [demonic ancestry]
  1261 | D:2      | Reached XP level 3. HP: 22/29 MP: 3/3
  2108 | D:3      | Gained mutation: You are partially covered in molten scales. (AC +2) [demonic ancestry]
  2108 | D:3      | Reached XP level 4. HP: 33/35 MP: 4/4
  2550 | D:2      | Reached XP level 5. HP: 16/41 MP: 5/5
  2848 | D:3      | Killed from afar by an orc priest

Vault maps used:
D:1:      saegor_arrival_fortress, minmay_misc_feat_tiny
D:2:      kennysheep_boxes

Skill      XL: |  1  2  3  4 |
---------------+-------------+-----
Dodging        | 3 4 |  4.1
Long Blades    | 3 4 |  4.1
Fighting       | |  3.0
Stealth        | |  1.7

Action                   |  1- 3 |  4- 6 || total
-------------------------+-------+-------++-------
Melee: Falchion          |   123 |    42 ||   165
 Stab: Sleeping          |     5 |       ||     5
  Eat: Chunk             |     4 |     2 ||     6
Armor: Robe              |    20 |     5 ||    25
Dodge: Dodged            |    93 |    29 ||   122
Block: Other             |    27 |    12 ||    39
       Reflection        |     2 |     5 ||     7
       Rpst.: Falchion   |    36 |     3 ||    39

Table legend:
 A = Spawn XP
 B = Non-spawn XP
 C = Spawn XP percentage of total XP
 D = Spawn monster count
 E = Non-spawn monster count
 F = Spawn count percentage of total count
 G = Total turns spent on level
                    A         B        C        D         E        F      G
               +---------+---------+-------+---------+---------+-------+---------
         Total |       0 |     201 |   0.0 |       0 |      45 |   0.0 |  2848
               +---------+---------+-------+---------+---------+-------+---------
           D:1 |       0 |      29 |   0.0 |       0 |      15 |   0.0 |  1072
           D:2 |       0 |      82 |   0.0 |       0 |      14 |   0.0 |  1323
           D:3 |       0 |      90 |   0.0 |       0 |      16 |   0.0 |   453
               +---------+---------+-------+---------+---------+-------+---------
